 Dungeon Crawl Stone Soup version 0.26-a0-597-gb535b0901c (webtiles) character file.

Game seed: 11184920904948103665

10 Alarkh the Insei (level 2, 16/22 HPs)
             Began as a Demonspawn Gladiator on Sept 12, 2020.
             Got out of the dungeon alive.
             The game lasted 00:00:21 (177 turns).

Alarkh the Insei (Demonspawn Gladiator)              Turns: 177, Time: 00:00:22

Health: 16/22      AC:  4    Str: 14    XL:     2   Next: 10%
Magic:  2/2        EV: 16    Int:  9    God:
Gold:   0          SH:  0    Dex: 14    Spells: 1/1 levels left

rFire    . . .     SeeInvis .     - Unarmed
rCold    . . .     Faith    .   (no shield)
rNeg     . . .     Spirit   .   a - +0 leather armour
rPois    .         Reflect  .   b - +0 helmet
rElec    .         Harm     .   (no cloak)
rCorr    .                      (no gloves)
MR       .....                  (no boots)
Stlth    +.........             (no amulet)
HPRegen  0.07/turn              d - +4 ring of evasion
MPRegen  0.08/turn              (no ring)

@: no status effects
A: talons 1
a: no special abilities


You escaped.
You visited 1 branch of the dungeon, and saw 1 of its levels.

Inventory:

Missiles
 c - 3 throwing nets (quivered)
Armour
 a - a +0 leather armour (worn)
 b - a +0 helmet (worn)
Jewellery
 d - a +4 ring of evasion (left hand)
Scrolls
 f - a scroll of fog {unknown}
Potions
 e - a potion of flight {unknown}


   Skills:
 + Level 2.2 Fighting
 - Level 1.7 Throwing
 - Level 2.6 Dodging
 * Level 3.1 Unarmed Combat


You had one spell level left.
You didn't know any spells.
Your spell library was empty.

Dungeon Overview and Level Annotations

Branches:
Dungeon (1/15)

Altars:
Xom


Innate Abilities, Weirdness & Mutations

You have sharp toenails.


Message History

The goblin hits you but does no damage.
You hit the goblin.
The goblin is severely wounded.
The goblin barely misses you.
You closely miss the goblin. Your kick misses the goblin.
The goblin is severely wounded.
The goblin hits you but does no damage.
You miss the goblin.
The goblin is severely wounded.
The goblin barely misses you.
You hit the goblin.
You kill the goblin!
Things that are here:
a +0 dagger; a goblin corpse You see here a helmet.
Things that are here:
a +0 club; a goblin corpse
There is a staircase leading out of the dungeon here.
Are you sure you want to leave the Dungeon?
This will make you lose the game!
You have escaped!

.# ... #. # .. #.##.....##
####.### .## #.##....... ........
>.# #.##......####### ........
#.# #.# .......≈≈≈≈#. ###.....
#.###># ....).≈≈≈≈≈. ........
##)##.†# #....≈≈≈≈≈. ##...##.
##.....#######....≈≈≈≈≈. ##..# ##
#..#.#.)....##..@.≈.≈≈≈.##...####
#.##.#...^..........≈≈≈(##.......
#.##.#.^_^...#..(...≈≈≈.##..>.###
..##.#.^^^...#.....≈≈≈≈.##...##
#............##≈≈≈.≈≈≈#.##..##
..##.##########≈≈≈≈≈≈≈#.....#
####...# #########..#.## ###.#
####.....#.
##.############.....#....#


There were no monsters in sight!

Vanquished Creatures
  2 goblins (D:1)
  2 hobgoblins (D:1)
  A bat (D:1)
  2 frilled lizards (D:1)
  2 kobolds (D:1)
  A rat (D:1)
10 creatures vanquished.

Notes
Turn   | Place    | Note
-------+----------+-------------------------------------------
     0 | D:1      | Alarkh the Demonspawn Gladiator began the quest for the
                  | Orb.
     0 | D:1      | Reached XP level 1. HP: 16/16 MP: 1/1
     0 | D:1      | Found a shimmering altar of Xom.
   115 | D:1      | Reached skill level 3 in Unarmed Combat
   122 | D:1      | Gained mutation: You have sharp toenails. [demonic
                  | ancestry]
   122 | D:1      | Reached XP level 2. HP: 12/22 MP: 2/2
   177 | D:$      | Got out of the dungeon alive.

Illustrated notes

Levels and vault maps discovered:
D:1:      dpeg_arrival_pond, layout_rooms, xom_teletrap_fun

Skill      XL: |  1 |
---------------+----+-----
Unarmed Combat | 3 |  3.1
Fighting       | |  2.2
Throwing       | |  1.7
Dodging        | |  2.6

Action                   || total
-------------------------++-------
Melee: Unarmed           ||    41
 Stab: Sleeping          ||     2
Armor: Leather armour    ||    14
Dodge: Dodged            ||    24

Table legend: (Time is in decaauts)
 A = Elapsed time spent in this place.
 B = Non-inter-level travel time spent in this place.
 C = Inter-level travel time spent in this place.
 D = Time resting spent in this place.
 E = Time spent auto-exploring this place.
 F = Levels seen in this place.
 G = Mean time per level.
                   A        B        C        D        E       F      G
               +--------+--------+--------+--------+--------+-----+--------+
         Total |    174 |    126 |     48 |      0 |     57 |   1 |  174.0 |
       Dungeon |    174 |    126 |     48 |      0 |     57 |   1 |  174.0 |
               +--------+--------+--------+--------+--------+-----+--------+

Top non-repeatable levels by time:
     D:1: 174 daAuts
